 Dungeon Crawl Stone Soup version 0.19-a0-1166-g02d67b9 (webtiles) character file.

235496 seren the Wrestler (level 19, -9/177 HPs)
             Began as a Naga Fighter on Aug 14, 2016.
             Was the Champion of Cheibriados.
             Mangled by a stone giant simulacrum (36 damage)
             ... led by a necromancer
             ... on level 1 of the Vaults.
             The game lasted 03:42:19 (41500 turns).

seren the Wrestler (Naga Fighter)                  Turns: 41500, Time: 03:42:20

Health: -9/177     AC: 21    Str: 39    XL:     19   Next: 63%
Magic:  28/35      EV: 21    Int: 24    God:    Cheibriados [******]
Gold:   1697       SH: 17    Dex: 31    Spells: 5 memorised, 3 levels left

rFire  . . .     SeeInvis +       - Unarmed
rCold  . . .     Gourm    .     t - +5 ring mail of Tixtomp {+Inv Regen+ Int-2 Dex+3}
rNeg   . . .     Faith    .     S - +2 shield {reflect}
rPois  +         Spirit   .     e - +2 hat {MR+}
rElec  .         Dismiss  +     (no cloak)
rCorr  .         Reflect  +     L - +2 pair of gloves
MR     +++..     Harm     .     (no barding)
Stlth  +++.......               s - amulet of dismissal
                                (no ring)
                                c - ring of magical power

@: very slow
A: camouflage 1, see invisible, deformed body, poison resistance, slowness 2,
slow metabolism 1, spit poison 2, strong 1, constrict 1, AC +6
a: Spit Poison, Bend Time, Temporal Distortion, Slouch, Step From Time, Renounce
Religion, Evoke Invisibility
}: 1/15 runes: serpentine


You were on level 1 of the Vaults.
You worshipped Cheibriados.
Cheibriados was exalted by your worship.
You were very hungry.

You visited 6 branches of the dungeon, and saw 32 of its levels.

You collected 3087 gold pieces.
You spent 1390 gold pieces at shops.

Inventory:

Missiles
 l - 8 throwing nets (quivered)
 Q - 19 tomahawks
Armour
 e - a +2 hat of magic resistance (worn)
 t - the +5 ring mail of Tixtomp (worn) {+Inv Regen+ Int-2 Dex+3}
   (You found it on level 3 of the Lair of Beasts)

   It affects your intelligence (-2).
   It affects your dexterity (+3).
   It lets you turn invisible.
   It increases your rate of regeneration.
 L - a +2 pair of gloves (worn)
 S - a +2 shield of reflection (worn)
Jewellery
 c - a ring of magical power (left hand)
 s - an amulet of dismissal (around neck)
Wands
 a - a wand of disintegration (7/24)
 d - a wand of digging (4/24)
 m - a wand of acid (5/15)
 o - a wand of heal wounds (5/9)
 w - a wand of disintegration (8/24)
 x - a wand of paralysis (15/24)
 M - a wand of disintegration (12/24)
 O - a wand of digging (7/24)
Scrolls
 b - 2 scrolls of teleportation
 g - 10 scrolls of recharging
 h - 2 scrolls of fear
 k - 4 scrolls of fog
 n - a scroll of holy word
 v - a scroll of blinking
 y - 11 scrolls of remove curse
 A - 4 scrolls of identify
 G - 3 scrolls of silence
 I - a scroll of magic mapping
Potions
 i - 2 potions of resistance
 j - 2 potions of heal wounds
 q - 3 potions of lignification
 z - a potion of magic
 B - 5 potions of agility
 D - 5 potions of curing
 F - a potion of might
 J - 3 potions of cancellation
 K - 2 potions of invisibility
 N - 3 potions of flight
Books
 E - a book of Changes

   Spells                             Type                      Level
   a - Beastly Appendage              Transmutation                1
   b - Sticks to Snakes               Transmutation                2
   c - Spider Form                    Transmutation/Poison         3
   d - Ice Form                       Ice/Transmutation            4
   e - Blade Hands                    Transmutation                5
Miscellaneous
 T - a phial of floods
Comestibles
 p - a bread ration
 r - 23 meat rations
 u - 12 royal jellies


   Skills:
 - Level 12.6 Fighting
 + Level 11.1 Armour
 + Level 11.3 Dodging
 - Level 9.0 Shields
 - Level 21.0 Unarmed Combat
 + Level 9.0 Transmutations
 - Level 9.6 Invocations


You had 3 spell levels left.
You knew the following spells:

 Your Spells              Type           Power        Failure   Level  Hunger
a - Apportation           Tloc           #.........   17%         1    ##.....
b - Summon Butterflies    Summ           #.......     17%         1    ##.....
c - Statue Form           Tmut/Erth      ###......    100%        6    #######
d - Blade Hands           Tmut           #####.....   14%         5    ######.
r - Repel Missiles        Chrm/Air       #.....       28%         2    ###....


Dungeon Overview and Level Annotations

Branches:
Dungeon (15/15)            Temple (0/1) D:7            Lair (6/6) D:10
 Shoals (4/4) Lair:3        Snake (4/4) Lair:2        Slime (0/5) Lair:5
    Orc (2/2) D:10            Elf (0/3) Orc:2        Vaults (1/5) D:13
 Depths (0/5) D:15

Altars:
Ashenzari
Cheibriados
Dithmenos
Elyvilon
Fedhas
Makhleb
Nemelex Xobeh
Qazlal
Trog
Zin
The Shining One
Beogh

Shops:
D:11 %   Orc:2 [:(   Shoals:2 }   Shoals:3 :   Snake:1 [%   Snake:3 :
Snake:4 (

Annotations:
D:7 1 runed door
D:15 vault need to fly
Lair:3 Harold
Lair:4 exclusion: 2 oklob plants
Shoals:2 Nikola; kroki's ghost, adept MiBe
Shoals:4 Mara
Snake:2 Frances + flail of distortion, Frances


Innate Abilities, Weirdness & Mutations

You cannot wear boots.
Your serpentine skin is tough. (AC +6)
You have supernaturally acute eyesight. (SInv)
Armour fits poorly on your strangely shaped body.
Your system is resistant to poisons. (rPois)
You cover ground very slowly.
You have a slow metabolism.
You can spit poison.
You can use your snake-like lower body to constrict enemies.
Your skin changes colour to match your surroundings (Stealth+).
Your muscles are strong. (Str +2)


Message History

Press: ? - help, Shift-Dir - straight line, f - you You feel much better.
This wand has 5 charges left.
The vault sentinel misses you.
You block the stone giant simulacrum's attack.
You block the ironbrand convoker zombie's attack.
The ironheart preserver skeleton closely misses you.
You block the vault sentinel's attack.
The vault sentinel casts a spell at you.
You resist with some effort.
You block the ironheart preserver skeleton's attack.
The stone giant simulacrum misses you. You block the vault sentinel's attack.
The ironheart preserver skeleton completely misses you.
Items here: ( )) ? [ an uncursed war axe; an uncursed arbalest; 11 bolts; a scale mail a scroll of enchant armour You can feel time thicken for a moment.
You feel somewhat more hungry. The stone giant simulacrum hits you!
* * * LOW HITPOINT WARNING * * *
The stone giant simulacrum freezes you!!!
You die...

#.......# #.......# .
#..(....# .. #.......# ...
#############.......# ...
............%.......# ....
....................######
......)†Z.................
......)ZZ@................
........p†................
######....................
#....................
#....................
#.../......... ......
#............ ......
#........... ....## ....#.


You could see a vault sentinel, a stone giant simulacrum, an ironbrand convoker
zombie and an ironheart preserver skeleton.

Vanquished Creatures
  Rupert (Lair:3)
  Gastronok (Lair:3)
  Kirke (Lair:4)
  Donald (Snake:4)
  A tengu reaver (D:12)
  6 greater nagas
  A fire giant (D:15)
  Aizul (Shoals:1)
  6 vault wardens (Vaults:1)
  An ironheart preserver (Vaults:1)
  An orc warlord (Orc:2)
  The ghost of Nattefrost the Severer, a journeyman HOGl of Okawaru (D:10)
  5 merfolk impalers
  An ettin (D:12)
  A crystal guardian (D:12)
  A fire dragon (Vaults:1)
  3 yaktaur captains
  2 ice dragons
  17 naga warriors
  3 merfolk avatars
  A vault guard (Vaults:1)
  7 hydras
  A death knight (D:13)
  An alligator snapping turtle (Shoals:1)
  2 merfolk aquamancers
  7 anacondas
  6 centaur warriors
  2 ogre magi (Vaults:1)
  10 death yaks
  A tengu warrior (D:12)
  A deep troll earth mage (D:12)
  2 deep elf knights (Vaults:1)
  7 shock serpents
  5 orc high priests
  19 naga sharpshooters
  Sonja (D:10)
  A salamander mystic (Snake:3)
  7 sea snakes
  4 deep elf archers (Vaults:1)
  5 hill giants
  A phantasmal warrior (D:12)
  7 mana vipers
  A necromancer (Vaults:1)
  12 harpies
  5 orc knights
  2 ironbrand convokers (Vaults:1)
  A wizard (Vaults:1)
  13 deep elf magi
  8 naga ritualists
  8 griffons
  2 wolf spiders (Lair:6)
  10 ugly things
  5 orc sorcerers (Orc:2)
  A hornet (Vaults:1)
  An oklob plant (Lair:1)
  8 salamanders
  2 fauns (Shoals:1)
  7 manticores
  5 cyclopes
  A guardian serpent (shapeshifter) (Vaults:1)
  8 guardian serpents
  12 sirens
  15 elephants
  4 vault sentinels (Vaults:1)
  3 water nymphs
  44 black mambas
  2 gargoyles
  23 naga magi
  13 spiny frogs
  6 komodo dragons
  An efreet (D:15)
  17 yaktaurs
  A freezing wraith (D:13)
  2 rime drakes
  An entropy weaver simulacrum (Vaults:1)
  2 tengu conjurers (D:15)
  A harpy zombie (D:15)
  2 kobold demonologists (D:11)
  A queen bee (Lair:1)
  9 trolls
  3 wind drakes
  A meliai (Lair:4)
  Prince Ribbit (D:8)
  28 merfolk
  6 two-headed ogres
  24 slime creatures
  7 blink frogs
  4 shadows
  6 water elementals
  Sigmund (D:5)
  3 wraiths
  3 snapping turtles
  44 yaks
  An ettin skeleton (Vaults:1)
  9 wyverns
  6 hogs (Lair:4)
  2 basilisks
  2 hungry ghosts
  3 vampire mosquitoes (D:15)
  9 hippogriffs
  8 wargs
  A steam dragon (D:12)
  5 mottled dragons
  Edmund (D:5)
  54 nagas
  26 water moccasins
  10 porcupines
  25 orc warriors
  5 sky beasts
  An eye of draining (D:13)
  12 ice beasts
  5 wasps (Lair:6)
  18 wolves
  4 phantoms
  21 ogres
  38 centaurs
  21 crocodiles
  Blork the orc (D:6)
  7 big kobolds (D:11)
  20 giant frogs
  2 wyvern skeletons
  7 scorpions
  61 killer bees
  5 electric eels
  5 wights (D:10)
  13 crimson imps
  7 howler monkeys
  2 centaur zombies
  3 giant frog zombies
  A quasit (D:11)
  11 hounds
  19 orc priests
  8 centaur skeletons
  4 jellies
  3 giant frog skeletons
  25 orc wizards
  Ijyb (D:3)
  8 iguanas
  24 worker ants
  A hell rat (Lair:4)
  19 sheep
  A hound skeleton (D:9)
  9 gnolls
  2 worker ant zombies
  41 river rats
  20 adders
  5 shadow imps
  4 oozes
  3 adder skeletons
  An adder zombie (D:7)
  9 worms
  2 dart slugs (D:2)
  6 giant geckos
  73 orcs
  8 bats
  8 giant cockroaches
  7 goblins
  8 hobgoblins
  10 jackals
  8 kobolds
  A quokka (D:2)
  2 ball pythons
  A giant cockroach zombie (D:6)
  A giant gecko zombie (D:6)
  5 giant newts
  9 rats
  12 plants
1343 creatures vanquished.

Vanquished Creatures (others)
  A naga sharpshooter (Snake:4)
  A yaktaur (Vaults:1)
  2 nagas
  2 centaurs (D:11)
  17 fungi
  18 plants
41 creatures vanquished.

Grand Total: 1384 creatures vanquished

Notes
Turn   | Place    | Note
-------+----------+-------------------------------------------
     0 | D:1      | seren the Naga Fighter began the quest for the Orb.
     0 | D:1      | Reached XP level 1. HP: 21/21 MP: 1/1
   156 | D:1      | Reached XP level 2. HP: 28/28 MP: 2/2
   381 | D:1      | Reached skill level 3 in Unarmed Combat
   722 | D:1      | Reached XP level 3. HP: 34/34 MP: 3/3
  1478 | D:2      | Reached skill level 4 in Unarmed Combat
  1556 | D:2      | Reached XP level 4. HP: 39/42 MP: 4/4
  1676 | D:2      | Found a snail-covered altar of Cheibriados.
  1678 | D:2      | Became a worshipper of Cheibriados the Contemplative
  1897 | D:2      | You fall through a shaft for 2 floors!
  2429 | D:3      | Reached skill level 5 in Unarmed Combat
  2429 | D:3      | Reached XP level 5. HP: 39/49 MP: 5/5
  2791 | D:3      | Found a bloodstained altar of Trog.
  2791 | D:3      | Found a stormy altar of Qazlal.
  2792 | D:3      | Found a glowing silver altar of Zin.
  2818 | D:3      | Found a white marble altar of Elyvilon.
  2858 | D:3      | Noticed a phantom
  2917 | D:3      | Killed a phantom
  2917 | D:3      | Reached skill level 6 in Unarmed Combat
  2917 | D:3      | Reached XP level 6. HP: 17/56 MP: 6/6
  3335 | D:3      | Reached * piety under Cheibriados
  3607 | D:3      | Noticed Ijyb
  3624 | D:3      | Killed Ijyb
  4072 | D:4      | Reached skill level 7 in Unarmed Combat
  4148 | D:4      | Reached XP level 7. HP: 42/62 MP: 7/7
  4332 | D:4      | Reached ** piety under Cheibriados
  4861 | D:4      | Reached skill level 8 in Unarmed Combat
  4951 | D:5      | Entered Level 5 of the Dungeon
  5228 | D:5      | Found a glowing golden altar of the Shining One.
  5277 | D:5      | Noticed Sigmund
  5289 | D:5      | Killed Sigmund
  5399 | D:5      | Reached skill level 9 in Unarmed Combat
  5399 | D:5      | Reached XP level 8. HP: 44/69 MP: 8/8
  5514 | D:5      | Noticed Edmund
  5524 | D:5      | Killed Edmund
  5524 | D:5      | Reached skill level 1 in Dodging
  6170 | D:6      | Reached *** piety under Cheibriados
  6357 | D:6      | Noticed Blork the orc
  6366 | D:6      | Killed Blork the orc
  6956 | D:6      | Reached XP level 9. HP: 75/75 MP: 9/9
  7045 | D:7      | You fall through a shaft!
  7458 | D:7      | Reached **** piety under Cheibriados
  7475 | D:7      | Reached skill level 5 in Shields
  7970 | D:7      | Found a staircase to the Ecumenical Temple.
  8134 | D:7      | Found a runed door.
  8565 | D:9      | Noticed a cyclops
  8606 | D:9      | Noticed Prince Ribbit
  9622 | D:8      | Reached XP level 10. HP: 67/84 MP: 10/10
  9705 | D:8      | Reached ***** piety under Cheibriados
 10180 | D:9      | Found a shattered altar of Ashenzari.
 10181 | D:9      | Found a burning altar of Makhleb.
 10181 | D:9      | Found a glowing golden altar of the Shining One.
 10737 | D:9      | Reached skill level 1 in Invocations
 10753 | D:9      | Found a roughly hewn altar of Beogh.
 10885 | D:10     | Entered Level 10 of the Dungeon
 11443 | D:10     | Found a staircase to the Lair.
 11449 | Lair:1   | Entered Level 1 of the Lair of Beasts
 11486 | Lair:1   | Reached skill level 5 in Invocations
 12238 | Lair:1   | Noticed a black mamba
 12248 | Lair:1   | Killed a black mamba
 12543 | Lair:1   | Reached XP level 11. HP: 86/90 MP: 16/16
 13416 | Lair:1   | Reached ****** piety under Cheibriados
 14541 | Lair:2   | Reached skill level 10 in Unarmed Combat
 15205 | Lair:2   | Found a staircase to the Snake Pit.
 15431 | Lair:2   | Reached skill level 5 in Fighting
 15933 | Lair:2   | Reached skill level 11 in Unarmed Combat
 16347 | Lair:1   | Reached XP level 12. HP: 55/104 MP: 18/18
 16665 | Lair:1   | Learned a level 2 spell: Repel Missiles
 16842 | D:10     | Noticed Sonja
 16843 | D:10     | Killed Sonja
 17166 | D:10     | Noticed Nattefrost's ghost (journeyman HOGl)
 17336 | Lair:3   | Reached skill level 12 in Unarmed Combat
 17750 | Lair:3   | Noticed Gastronok
 17765 | Lair:3   | Killed Gastronok
 18127 | Lair:3   | Noticed Harold
 18171 | Lair:3   | Got a crude ring mail
 18182 | Lair:3   | Identified the +5 ring mail of Tixtomp {+Inv Regen+ Int-2 Dex+3} (You found it on level 3 of the Lair of Beasts)
 18328 | Lair:3   | Reached skill level 13 in Unarmed Combat
 18329 | Lair:3   | Found a staircase to the Shoals.
 18447 | Lair:3   | Noticed Rupert
 18459 | Lair:3   | Killed Rupert
 18907 | Lair:3   | Noticed a seven-headed hydra
 18915 | Lair:3   | Killed a seven-headed hydra
 18915 | Lair:3   | Gained mutation: You can use your snake-like lower body to constrict enemies. [Naga growth]
 18915 | Lair:3   | Reached XP level 13. HP: 98/118 MP: 19/19
 19119 | Lair:4   | Reached skill level 14 in Unarmed Combat
 19288 | Lair:4   | Noticed Kirke
 19314 | Lair:4   | Killed Kirke
 20529 | Lair:5   | Reached skill level 15 in Unarmed Combat
 20662 | Lair:5   | Gained mutation: Your muscles are strong. (Str +2) [potion of beneficial mutation]
 20755 | Lair:5   | Reached skill level 10 in Fighting
 21395 | Lair:5   | Reached XP level 14. HP: 81/133 MP: 20/20
 21844 | Lair:5   | Found a staircase to the Slime Pits.
 22024 | Lair:6   | Entered Level 6 of the Lair of Beasts
 22034 | Lair:6   | Reached skill level 5 in Armour
 22162 | Lair:6   | Reached skill level 16 in Unarmed Combat
 22642 | Lair:6   | Reached skill level 5 in Dodging
 23716 | D:10     | Killed Nattefrost's ghost
 23832 | D:10     | Found a staircase to the Orcish Mines.
 23903 | D:11     | Found a shadowy altar of Dithmenos.
 23981 | Orc:1    | Entered Level 1 of the Orcish Mines
 24044 | Orc:2    | Entered Level 2 of the Orcish Mines
 24219 | Orc:2    | Reached XP level 15. HP: 115/139 MP: 21/21
 24525 | Orc:2    | Found Vuzxumaf's Antique Armour Shoppe.
 24527 | Orc:2    | Noticed an orc warlord
 24537 | Orc:2    | Killed an orc warlord
 24714 | Orc:2    | Found Aryw's Antique Weapon Shoppe.
 24807 | Orc:2    | Reached skill level 17 in Unarmed Combat
 24973 | Orc:2    | Found Eciolomp's General Store.
 25083 | Orc:2    | Found a staircase to the Elven Halls.
 25118 | Orc:2    | Found Myofit's Book Boutique.
 25644 | Orc:1    | Found a roughly hewn altar of Beogh.
 26190 | D:8      | Killed Prince Ribbit
 26382 | D:11     | Found Kaargh's Food Shoppe.
 26519 | D:11     | Found a sparkling altar of Nemelex Xobeh.
 28332 | D:12     | Noticed a tengu reaver
 28346 | D:12     | Killed a tengu reaver
 28346 | D:12     | Reached XP level 16. HP: 57/147 MP: 22/22
 29138 | Shoals:1 | Entered Level 1 of the Shoals
 29419 | Shoals:2 | Reached skill level 18 in Unarmed Combat
 29499 | Shoals:2 | Noticed Nikola
 29499 | Shoals:2 | Noticed Aizul
 29510 | Shoals:1 | Killed Aizul
 29746 | Shoals:1 | Gained mutation: Your skin changes colour to match your surroundings (Stealth+). [potion of beneficial mutation]
 30114 | Shoals:2 | Found Batiut's Gadget Emporium.
 30117 | Shoals:2 | Bought a wand of heal wounds (2/9) for 648 gold pieces
 30325 | Snake:1  | Entered Level 1 of the Snake Pit
 30352 | Snake:1  | Reached skill level 10 in Armour
 30417 | Snake:1  | Found Teulilal's Food Boutique.
 30419 | Snake:1  | Found Tekyci's Antique Armour Shop.
 30431 | Snake:1  | Bought a warped chain mail for 342 gold pieces
 30447 | Snake:1  | Identified the cursed +1 chain mail of Trog's Approval {rC+} (You bought it in a shop on level 1 of the Snake Pit)
 30852 | Snake:1  | Noticed a greater naga
 30862 | Snake:1  | Killed a greater naga
 30992 | Snake:2  | Reached skill level 10 in Dodging
 31304 | Snake:2  | Noticed Frances
 31471 | Snake:2  | You fall through a shaft!
 31547 | Snake:3  | Reached XP level 17. HP: 149/154 MP: 23/23
 31737 | Snake:3  | Reached skill level 19 in Unarmed Combat
 32070 | Snake:3  | Got a crystal great mace
 32078 | Snake:3  | Identified the +9 great mace of Lies {holy, rN+ Str+7 Int-2} (You found it on level 3 of the Snake Pit)
 32212 | Snake:3  | Found Xuddair's Book Shop.
 32242 | Snake:3  | Got a pitted spear
 32243 | Snake:3  | Identified the +6 spear "Romoetuc" {flame, Dex+10} (You found it on level 3 of the Snake Pit)
 32524 | Snake:4  | Entered Level 4 of the Snake Pit
 32747 | Snake:4  | Found Xyaripso's Antique Weapon Shop.
 33015 | Snake:4  | Learned a level 1 spell: Apportation
 33017 | Snake:4  | Learned a level 1 spell: Summon Butterflies
 33146 | Snake:4  | Noticed Donald
 33157 | Snake:4  | Killed Donald
 33509 | Snake:4  | Reached skill level 20 in Unarmed Combat
 34743 | Snake:3  | Reached skill level 21 in Unarmed Combat
 35015 | Lair:1   | Learned a level 6 spell: Statue Form
 35076 | Lair:1   | Found a shattered altar of Ashenzari.
 35087 | Lair:1   | Reached XP level 18. HP: 120/163 MP: 24/24
 35350 | D:12     | Reached skill level 1 in Transmutations
 35477 | D:13     | Found a gate to the Vaults.
 36084 | D:14     | Reached skill level 5 in Transmutations
 36183 | D:14     | Found a blossoming altar of Fedhas.
 36505 | D:15     | Entered Level 15 of the Dungeon
 36517 | D:15     | Found a staircase to the Depths.
 38424 | Snake:4  | Got a serpentine rune of Zot
 39443 | Shoals:3 | Found Meshreen's Book Shoppe.
 39453 | Shoals:3 | Bought a book of Changes for 400 gold pieces
 39459 | Shoals:3 | Learned a level 5 spell: Blade Hands
 39544 | Shoals:3 | Reached XP level 19. HP: 161/177 MP: 26/26
 39749 | Shoals:4 | Entered Level 4 of the Shoals
 39799 | Shoals:4 | Noticed Mara
 39896 | Shoals:2 | Noticed kroki's ghost (adept MiBe)
 40223 | Vaults:1 | Entered Level 1 of the Vaults
 41500 | Vaults:1 | Mangled by a stone giant simulacrum

Vault maps used:
D:1:      lightli_arrival_flooded_house
D:2:      kennysheep_slug_shrine, corexii_leaking_fountain
D:3:      nicolae_overflow_quartered_altars, st_stairs_7, uniq_iyjb
D:4:      first_bread
D:5:      tso_metal_star, uniq_edmund, uniq_sigmund
D:6:      uniq_blork_the_orc
D:7:      uniq_crazy_yiuf_cottage
D:9:      gammafunk_temple_overflow_forgotten, david_defended_altar_orc,
          uniq_prince_ribbit1
D:10:     erik_lair_dragon, orc_0_dummy, uniq_sonja
D:11:     portal_ice_cave_entry_ice_beasts, basic_altar, serial_shops,
          nicolae_shop_trees, hangedman_ranch, nicolae_dithmenos_shadow_blocks
D:12:     lemuel_traditional_vault
D:13:     david_vaults_2
D:14:     fedhas_altar_2, minivault_23
D:15:     grunt_enter_depths_giant_problem, minmay_rotating_lava
Lair:1:   special_room, lemuel_oklob_altar, grunt_megastairs_2,
          serial_bayou_shore_a
Lair:2:   guppyfry_snake_entry_garden, infiniplex_staircase_pool_2
Lair:3:   minmay_shoals_entry_beasts, uniq_gastronok, uniq_rupert, uniq_harold
Lair:4:   regret_index_harrowing_hell_hive, lemuel_old_faithful, uniq_kirke
Lair:5:   dpeg_slime_entry_corner
Lair:6:   hangedman_lair_tendril_chambers
Shoals:1: nicolae_shoals_flooded_hall
Shoals:2: serial_shops, nicolae_shop_window_shopping,
          nicolae_shoals_isolated_beach, uniq_nikola, uniq_aizul
Shoals:3: serial_shops, shop, nicolae_shoals_cliffside_cave
Shoals:4: shoals_end_grunt_ice, shoal_ilsuiw, uniq_mara
Snake:1:  spider_trap, minmay_shoptagon
Snake:2:  grunt_ministairs_11, st_stairs_13, uniq_frances
Snake:3:  serial_shops, shop
Snake:4:  snake_pit, serial_shops, shop, nrook_guardian_serpent_double,
          uniq_donald
Orc:1:    basic_altar
Orc:2:    grunt_orc_gardens, grunt_orc_garden, grunt_orc_garden,
          grunt_orc_garden, grunt_orc_garden, elves_outpost_lemuel
Vaults:1: hangedman_vaults_trim, st_lattice, vaults_room_grunt_arrival_ludios,
          hangedman_vaults_corner, vaults_room_semicircle, vaults_mumra_hexcomb,
          v_misc_23, vaults_dpeg_diagonal, ontoclasm_vaults_twist,
          vaults_dpeg_hooks, nicolae_vaults_ring_of_whatevers,
          nicolae_vaults_alarming, serial_shops, bzr_entry_water

Skill      XL: |  1  2  3  4  5  6  7  8  9 10 11 12 13 14 15 16 17 18 19 |
---------------+----------------------------------------------------------+-----
Unarmed Combat | 3 4 5 6 7 9 11 13 15 16 17 18 21 | 21.0
Dodging        | 2 3 6 8 10 11 | 11.3
Armour         | 4 7 8 10 11 | 11.1
Shields        | 4 7 9 |  9.0
Invocations    | 7 9 |  9.6
Fighting       | 5 8 10 12 | 12.6
Transmutations | 6 9 |  9.0

Action                   |  1- 3 |  4- 6 |  7- 9 | 10-12 | 13-15 | 16-18 | 19-21 || total
-------------------------+-------+-------+-------+-------+-------+-------+-------++-------
Melee: Unarmed           |   153 |   185 |   405 |   818 |  1153 |  1217 |   298 ||  4229
       Constrict         |       |       |       |       |   228 |   297 |    46 ||   571
Throw: Stone             |       |     3 |     1 |     1 |       |       |       ||     5
 Cast: Repel Missiles    |       |       |       |       |       |     3 |       ||     3
       Apportation       |       |       |       |       |       |     3 |     2 ||     5
Invok: Bend Time         |       |       |       |    11 |     9 |    22 |     5 ||    47
       Slouch            |       |       |       |    11 |     9 |    12 |     1 ||    33
       Temporal Distorti |       |       |       |       |       |     2 |       ||     2
 Abil: Spit Poison       |     8 |    19 |    41 |    32 |     8 |       |       ||   108
Evoke: Wand              |       |       |       |     3 |       |    13 |     1 ||    17
  Use: Potion            |     1 |     3 |     5 |     3 |     2 |     2 |       ||    16
       Scroll            |       |     4 |    11 |     9 |     9 |    11 |     3 ||    47
 Stab: Sleeping          |       |       |     2 |     1 |     1 |     9 |     1 ||    14
       Distracted        |       |       |       |     2 |     3 |     3 |     1 ||     9
  Eat: Chunk             |     1 |     9 |    10 |    17 |    25 |    17 |     5 ||    84
       Royal jelly       |       |       |     1 |     2 |     1 |     4 |       ||     8
       Fruit             |       |       |       |       |       |     6 |       ||     6
Armor: Scale mail        |    45 |    45 |       |       |       |       |       ||    90
       Ring mail         |       |       |   115 |   157 |   277 |   308 |    40 ||   897
Dodge: Dodged            |    22 |    22 |   134 |   250 |   383 |   676 |   129 ||  1616
       Deflected         |       |       |       |       |       |     2 |     2 ||     4
Block: Shield            |    65 |    66 |   233 |   553 |   948 |  1255 |   236 ||  3356
       Reflection        |       |       |       |       |       |    33 |    36 ||    69
